[Event "Titled Tuesday Blitz July 18 Early 2023"]
[White "Spichkin, Alexander"]
[Black "Prydun, Andriy"]
[WhiteFideId "4144074"]
[BlackFideId "14145898"]
[WhiteElo "2287"]
[BlackElo "2365"]
[Result "1-0"]
[Round "7"]
[TimeControl "180+2"]
[Date "2023.07.18"]
[WhiteClock "0:01:34"]
[BlackClock "0:00:15"]
[Board "167"]

1. f4 c5 2. Nf3 Nc6 3. e3 d5 4. Be2 Bg4 5. O-O Nf6 6. h3 Bxf3 7. Bxf3 e6 8. b3 Bd6 9. Bb2 Ne7 10. d3 h5 11. Nd2 Nf5 12. Qe2 Ng3 13. Qf2 Nxf1 14. Rxf1 h4 15. e4 dxe4 16. dxe4 Be7 17. Nc4 Qc7 18. e5 Nd5 19. Bxd5 exd5 20. f5 dxc4 21. f6 O-O-O 22. fxe7 Qxe7 23. Qxf7 Qxf7 24. Rxf7 cxb3 25. axb3 Rd2 26. e6 Re8 27. e7 Kd7 28. Rxg7 Rxe7 29. Rg5 Rxc2 30. Bf6 Ree2 31. Rg7+ Kc6 32. Bxh4 Rb2 33. Bd8 Rxb3 34. h4 Re4 35. h5 Rd3 36. Bg5 Rg4 37. h6 Rdg3 38. h7 Rxg2+ 39. Kf1 Rg1+ 40. Kf2 R1g2+ 41. Kf3 R2g3+ 42. Ke2 Rg2+ 43. Kd3 R2g3+ 44. Be3 Rxg7 45. h8=Q Rd7+ 46. Ke2 Re7 47. Qc8+ Kb5 48. Qxc5+ 1-0


[Site "https://www.chess.com"]

[Event "Titled Tuesday Blitz July 18 Early 2023"]
[White "Floresvillar Gonzalez, Luis Migu"]
[Black "Tarasova, Viktoriya"]
[WhiteFideId "5100542"]
[BlackFideId "4175840"]
[WhiteElo "2078"]
[BlackElo "2365"]
[Result "1/2-1/2"]
[Round "7"]
[TimeControl "180+2"]
[Date "2023.07.18"]
[WhiteClock "0:00:05"]
[BlackClock "0:00:06"]
[Board "168"]

1. d4 Nf6 2. c3 d5 3. Bg5 Ne4 4. h4 h6 5. Bf4 e6 6. Nd2 Nf6 7. e3 c5 8. Bd3 Nc6 9. g4 Bd6 10. Bxd6 Qxd6 11. f4 h5 12. g5 Ng4 13. Qe2 cxd4 14. cxd4 Nb4 15. Ngf3 Bd7 16. O-O a6 17. a4 Rc8 18. Ne5 O-O 19. Bb1 f5 20. gxf6 Nxf6 21. Ndf3 Rc7 22. Ng5 Rfc8 23. Bg6 Be8 24. Bxe8 Rxe8 25. Rac1 Rec8 26. Rxc7 Rxc7 27. f5 exf5 28. Rxf5 Rc1+ 29. Rf1 Qc7 30. Rxc1 Qxc1+ 31. Kg2 Qc2 32. Qxc2 Nxc2 33. Kf3 Nb4 34. Ne6 Ne8 35. Nc5 Nd6 36. b3 b6 37. Ncd3 Nxd3 38. Nxd3 a5 39. Nf4 Ne4 40. Nxd5 Nd2+ 41. Kf4 Nxb3 42. Nxb6 Kf7 43. Nc4 Ke6 44. e4 Kf6 45. d5 Ke7 46. e5 Nc5 47. d6+ Ke6 48. Kg5 Nxa4 49. Nxa5 Nc5 50. Nc4 Kd5 51. Kxh5 Kxc4 52. Kg6 Kd5 53. Kxg7 Kxe5 54. h5 Ne6+ 55. Kf7 Kxd6 56. h6 Ng5+ 57. Kg6 Ne6 58. Kf7 Ng5+ 59. Kg6 Ne6 60. h7 Nf8+ 61. Kg7 Nxh7 1/2-1/2


[Site "https://www.chess.com"]

[Event "Titled Tuesday Blitz July 18 Early 2023"]
[White "Kiseleva, Arina"]
[Black "ArchibaldCerveza29"]
[WhiteFideId "4164989"]
[WhiteElo "2204"]
[BlackElo "2467"]
[Result "1-0"]
[Round "7"]
[TimeControl "180+2"]
[Date "2023.07.18"]
[WhiteClock "0:00:04"]
[BlackClock "0:00:00"]
[Board "169"]

1. d4 d5 2. Nf3 Nf6 3. e3 c5 4. Nbd2 Nc6 5. b3 Bg4 6. Be2 e6 7. h3 Bh5 8. Bb2 Be7 9. O-O O-O 10. c4 Rc8 11. Rc1 b6 12. Ne5 Nxe5 13. dxe5 Bxe2 14. Qxe2 Nd7 15. cxd5 exd5 16. e6 fxe6 17. Qg4 Bf6 18. Qxe6+ Kh8 19. Bxf6 Nxf6 20. Nf3 Qc7 21. Qf5 Rcd8 22. Ng5 Qd7 23. Qc2 h6 24. Nf3 Qe6 25. Nh4 Kg8 26. Ng6 Rf7 27. Nf4 Qe5 28. Rfd1 Rfd7 29. Rd3 d4 30. Qc4+ Nd5 31. Rcd1 Kh7 32. Nxd5 Qxd5 33. Qxd5 Rxd5 34. exd4 Rxd4 35. Rxd4 cxd4 36. f3 Kg6 37. Kf2 Kf6 38. f4 Kf5 39. Kf3 h5 40. g4+ hxg4+ 41. hxg4+ Kf6 42. Ke4 g5 43. fxg5+ Kxg5 44. Rxd4 Re8+ 45. Kd3 Re1 46. Kc3 Rc1+ 47. Kb4 Rc7 48. a4 Re7 49. Kb5 Rc7 50. Rc4 Re7 51. Ka6 Rd7 52. b4 Re7 53. b5 Rd7 54. Rc8 Kxg4 55. Ra8 Rd4 56. Rxa7 Rxa4+ 57. Kxb6 Ra1 58. Rxa1 1-0


[Site "https://www.chess.com"]

[Event "Titled Tuesday Blitz July 18 Early 2023"]
[White "Sankalan Shah"]
[Black "Corredor Castellanos, Camilo"]
[WhiteFideId "25600362"]
[BlackFideId "4425871"]
[WhiteElo "2171"]
[BlackElo "2408"]
[Result "0-1"]
[Round "7"]
[TimeControl "180+2"]
[Date "2023.07.18"]
[WhiteClock "0:00:02"]
[BlackClock "0:00:21"]
[Board "170"]

1. d4 Nf6 2. c4 e6 3. Nf3 d5 4. Nc3 dxc4 5. e4 b5 6. e5 Nd5 7. Nxb5 Nb6 8. Be3 Bb7 9. Be2 Be7 10. O-O O-O 11. Nd2 Ba6 12. Nc3 Nc6 13. Nde4 Rb8 14. f4 Nd5 15. Nxd5 exd5 16. Nc3 Rxb2 17. Qa4 Bb7 18. Bf3 Rb4 19. Qc2 Nb8 20. f5 f6 21. e6 a5 22. Bd2 Nc6 23. Ne2 Rb6 24. a3 Ba6 25. Bc3 Qd6 26. Rfb1 Rfb8 27. Rxb6 cxb6 28. Bd2 Rc8 29. Bf4 Qd8 30. Rb1 b5 31. Nc3 Nxd4 32. Qf2 Nxf5 33. Bxd5 b4 34. Ne4 Qxd5 0-1


[Site "https://www.chess.com"]

[Event "Titled Tuesday Blitz July 18 Early 2023"]
[White "Ziatdinov, Raset"]
[Black "Lisjak, Zlatko"]
[WhiteFideId "2015323"]
[BlackFideId "14502186"]
[WhiteElo "2299"]
[BlackElo "2157"]
[Result "1-0"]
[Round "7"]
[TimeControl "180+2"]
[Date "2023.07.18"]
[WhiteClock "0:00:50"]
[BlackClock "0:00:00"]
[Board "171"]

1. e4 d6 2. d4 Nf6 3. f3 c6 4. Be3 Qb6 5. Qc1 Qa5+ 6. Nc3 e5 7. Qd2 Be7 8. g4 b5 9. h4 b4 10. Nce2 Na6 11. h5 h6 12. Ng3 exd4 13. Bxd4 c5 14. Be3 Qc7 15. Nf5 Bxf5 16. exf5 c4 17. Nh3 d5 18. Nf4 O-O-O 19. O-O-O d4 20. Bxd4 Bc5 21. c3 bxc3 22. bxc3 Ba3+ 23. Kc2 Qc6 24. Qe2 Qa4+ 25. Kb1 Qb5+ 26. Ka1 Nc5 27. Qxc4 Qxc4 28. Bxc4 Na4 29. Rb1 Rhe8 30. Bxf7 1-0


[Site "https://www.chess.com"]

[Event "Titled Tuesday Blitz July 18 Early 2023"]
[White "Kiseljova, Marya"]
[Black "Martin, Lewis"]
[WhiteFideId "4155009"]
[BlackFideId "410551"]
[WhiteElo "2138"]
[BlackElo "2282"]
[Result "1/2-1/2"]
[Round "7"]
[TimeControl "180+2"]
[Date "2023.07.18"]
[WhiteClock "0:01:14"]
[BlackClock "0:01:12"]
[Board "172"]

1. d4 d5 2. c4 c6 3. Nf3 Nf6 4. g3 e6 5. Bg2 Nbd7 6. O-O dxc4 7. Qc2 b5 8. a4 Bb7 9. b3 cxb3 10. Qxb3 a6 11. Ba3 Bxa3 12. Qxa3 Qe7 13. Nfd2 Qxa3 14. Rxa3 Ke7 15. Rc1 Rhc8 16. axb5 axb5 17. Rxa8 Bxa8 18. Nb3 Nd5 19. N1d2 N7b6 20. Nc5 b4 21. Ra1 Rc7 22. Ra6 Bb7 23. Ra7 Ba8 24. Ra6 Bb7 25. Ra7 Ba8 26. Ra6 1/2-1/2


[Site "https://www.chess.com"]

[Event "Titled Tuesday Blitz July 18 Early 2023"]
[White "Magallanes, Rey Jomar"]
[Black "Ishowmoves57"]
[WhiteFideId "5205948"]
[WhiteElo "2256"]
[BlackElo "2123"]
[Result "1/2-1/2"]
[Round "7"]
[TimeControl "180+2"]
[Date "2023.07.18"]
[WhiteClock "0:00:31"]
[BlackClock "0:00:19"]
[Board "173"]

1. e4 c5 2. Nf3 Nc6 3. d4 cxd4 4. Nxd4 e5 5. Nb5 d6 6. N1c3 a6 7. Na3 b5 8. Nd5 Nf6 9. Bg5 Be7 10. Bxf6 Bxf6 11. c3 O-O 12. Nc2 Bg5 13. a4 b4 14. Ncxb4 Nxb4 15. cxb4 Be6 16. Bc4 Bxd5 17. Bxd5 Rb8 18. b5 Qa5+ 19. Kf1 axb5 20. g3 bxa4 21. Rxa4 Qb5+ 22. Bc4 Qxb2 23. Kg2 Be3 24. Rf1 Bd4 25. Ra2 Qc3 26. Bd5 Rb2 27. Rxb2 Qxb2 28. Qd3 g6 29. Rb1 Qxf2+ 30. Kh1 Rc8 31. Rf1 Qe3 32. Qxe3 Bxe3 33. Rxf7 Kh8 34. Rd7 Bc5 35. Kg2 Rf8 36. Rf7 Rxf7 37. Bxf7 Kg7 38. Bd5 Kf6 39. h4 g5 40. h5 g4 41. Bg8 h6 42. Bh7 Kg5 43. Bg6 Bb4 44. Bf7 Be1 45. Kh2 Kf6 46. Bg8 Ke7 47. Kg2 Kf6 48. Kh2 Kg5 49. Bf7 Bb4 50. Kg2 Kf6 51. Bg8 Kg5 52. Bf7 1/2-1/2


[Site "https://www.chess.com"]

[Event "Titled Tuesday Blitz July 18 Early 2023"]
[White "Sarkar, Justin"]
[Black "Hrescak, Ivana"]
[WhiteFideId "2010011"]
[BlackFideId "14613441"]
[WhiteElo "2226"]
[BlackElo "2123"]
[Result "1-0"]
[Round "7"]
[TimeControl "180+2"]
[Date "2023.07.18"]
[WhiteClock "0:00:14"]
[BlackClock "0:00:00"]
[Board "174"]

1. e4 e5 2. f4 exf4 3. Nf3 Ne7 4. d4 d5 5. Qe2 dxe4 6. Qxe4 Qd5 7. Qxf4 Ng6 8. Qg5 Qe4+ 9. Qe3 Bf5 10. c3 Nd7 11. Bc4 c5 12. Bxf7+ Kd8 13. O-O Bd6 14. Qxe4 Bxe4 15. Ng5 Bd3 16. Rf3 c4 17. Bd5 Kc7 18. Ne6+ Kb6 19. Nd2 Rac8 20. Ne4 Bxe4 21. Bxe4 Nf6 22. Bxg6 hxg6 23. Bf4 1-0


[Site "https://www.chess.com"]

[Event "Titled Tuesday Blitz July 18 Early 2023"]
[White "Johnson, Ben"]
[Black "Kev4444444444"]
[WhiteFideId "2010917"]
[WhiteElo "2122"]
[BlackElo "2218"]
[Result "0-1"]
[Round "7"]
[TimeControl "180+2"]
[Date "2023.07.18"]
[WhiteClock "0:00:03"]
[BlackClock "0:00:21"]
[Board "175"]

1. Nf3 d5 2. e3 c5 3. b3 Nf6 4. Bb2 g6 5. Bb5+ Nbd7 6. Ne5 Bg7 7. O-O O-O 8. f4 a6 9. Bxd7 Nxd7 10. Nd3 Bxb2 11. Nxb2 e5 12. f5 Nf6 13. fxg6 fxg6 14. Nd3 Qe7 15. Nc3 Bf5 16. Qe2 d4 17. exd4 cxd4 18. Na4 b5 19. Nac5 e4 20. b4 Nd5 21. Rae1 exd3 22. Qxe7 Nxe7 23. Rxe7 dxc2 24. d3 a5 25. Rc1 axb4 26. Rxc2 Rfc8 27. Ree2 Rc6 28. Ne4 Bxe4 29. dxe4 d3 30. Rxc6 dxe2 31. Kf2 Rxa2 32. Rb6 e1=Q+ 33. Kxe1 Rxg2 34. Rxb5 Rxh2 35. Rxb4 Kg7 36. Rb6 Rh4 37. Re6 Kf7 38. Re5 Kf6 39. Re8 h5 40. Kf2 Rg4 41. Kf3 Kf7 42. Re5 Rg1 43. Ra5 Rb1 44. Ra7+ Kf6 45. Ra6+ Kg5 46. Ra5+ Kh6 47. Ra6 Kg5 48. e5 Re1 49. Ra5 Kf5 50. e6+ Kxe6 51. Kf2 Rb1 52. Kg3 Kf6 53. Ra6+ Kg7 54. Ra7+ Kh6 55. Rb7 Rxb7 56. Kh4 g5+ 57. Kh3 Rb3+ 0-1


[Site "https://www.chess.com"]

[Event "Titled Tuesday Blitz July 18 Early 2023"]
[White "Vila Dupla, Aurelio"]
[Black "Horokoskii"]
[WhiteFideId "2203383"]
[WhiteElo "2199"]
[BlackElo "2119"]
[Result "1-0"]
[Round "7"]
[TimeControl "180+2"]
[Date "2023.07.18"]
[WhiteClock "0:00:04"]
[BlackClock "0:00:03"]
[Board "176"]

1. Nf3 Nf6 2. d4 g6 3. g3 Bg7 4. Bg2 O-O 5. O-O d6 6. c4 Nbd7 7. Nc3 c6 8. h3 e5 9. e4 Re8 10. Re1 exd4 11. Nxd4 Ne5 12. b3 Qb6 13. Be3 Qc7 14. Qc2 a6 15. f4 Ned7 16. Bf2 Nc5 17. Rad1 Bd7 18. Kh2 h5 19. Nde2 Ne6 20. Qd2 d5 21. cxd5 cxd5 22. e5 Ne4 23. Nxd5 Nxd2 24. Nxc7 Nxc7 25. Rxd2 Bc6 26. Bxc6 bxc6 27. Rc2 Red8 28. Rxc6 Ne6 29. Rc2 h4 30. g4 Bh6 31. g5 Bg7 32. Bxh4 Rd3 33. Bg3 Rad8 34. Nc1 Rd2+ 35. Rxd2 Rxd2+ 36. Re2 Rd1 37. Rc2 Nd4 38. Rc8+ Kh7 39. Rc7 Nb5 40. Rc6 Nd4 41. Rc7 Nb5 42. Rc8 Rd2+ 43. Kg1 Rd1+ 44. Kg2 Nd4 45. Rc4 Rd2+ 46. Kf1 Nf5 47. Bf2 Bf8 48. Ke1 Rd7 49. Bc5 Bxc5 50. Rxc5 Rd4 51. Ne2 Re4 52. Kf2 a5 53. Rxa5 Rb4 54. Ra7 Rb6 55. Rxf7+ Kg8 56. Rf6 Rb5 57. Rxg6+ Kh7 58. Rf6 Nh4 59. e6 Ng6 60. Rf7+ Kg8 61. Rf6 Nf8 62. Nd4 Rb7 63. Nf5 Ra7 64. Nh6+ Kh8 65. Rxf8+ Kg7 66. Rf7+ Kh8 67. Rf8+ Kg7 68. Rf7+ Kh8 69. Nf5 Rxa2+ 70. Kg3 Ra3 71. Kg4 Rxb3 72. e7 Rg3+ 73. Kxg3 Kg8 74. e8=Q# 1-0


[Site "https://www.chess.com"]

[Event "Titled Tuesday Blitz July 18 Early 2023"]
[White "Novikova, Margarita"]
[Black "Goughfather"]
[WhiteFideId "14109689"]
[WhiteElo "2189"]
[BlackElo "2010"]
[Result "1-0"]
[Round "7"]
[TimeControl "180+2"]
[Date "2023.07.18"]
[WhiteClock "0:00:45"]
[BlackClock "0:00:00"]
[Board "177"]

1. d4 Nf6 2. Bf4 d5 3. c3 c6 4. Nd2 Bf5 5. Qb3 Qb6 6. e3 Nbd7 7. h3 e6 8. Ngf3 c5 9. Nh4 c4 10. Qxb6 axb6 11. Nxf5 exf5 12. Be2 b5 13. g4 fxg4 14. hxg4 b4 15. g5 Ng8 16. Bf3 Nb6 17. e4 Ne7 18. Bd6 bxc3 19. bxc3 dxe4 20. Bxe4 Ned5 21. Bxf8 Kxf8 22. Rh3 Re8 23. O-O-O f5 24. gxf6 Nxf6 25. Bxb7 Rb8 26. Bc6 Kf7 27. Rf3 Rhc8 28. Be4 Na4 29. Bc2 Nb6 30. Ne4 Ke7 31. Nc5 1-0


[Site "https://www.chess.com"]

[Event "Titled Tuesday Blitz July 18 Early 2023"]
[White "BeautiFullMindChess"]
[Black "abelmat"]
[WhiteElo "2178"]
[BlackElo "1967"]
[Result "1-0"]
[Round "7"]
[TimeControl "180+2"]
[Date "2023.07.18"]
[WhiteClock "0:00:12"]
[BlackClock "0:00:11"]
[Board "178"]

1. e4 e6 2. d4 d5 3. exd5 exd5 4. Nf3 Nf6 5. Bd3 Bg4 6. Qe2+ Be7 7. Nc3 O-O 8. h3 Bh5 9. Bf4 Nc6 10. g4 Bg6 11. O-O-O Re8 12. Bxg6 hxg6 13. Ne5 Bb4 14. Qd3 Bxc3 15. Qxc3 Ne4 16. Qe1 a5 17. f3 Nd6 18. Qc3 Nb4 19. Kb1 b5 20. a3 Nc4 21. axb4 axb4 22. Qxb4 Qf6 23. Bg3 Qa6 24. c3 Ne3 25. Kc1 Nxd1 26. Rxd1 f6 27. Nd3 Re2 28. Rd2 Qa1+ 29. Kc2 Rae8 30. Qxb5 Kh7 31. h4 Rxd2+ 32. Kxd2 Re6 33. h5 Rb6 34. Qxd5 Qg1 35. Bf2 Qb1 36. hxg6+ Kxg6 37. Qh5# 1-0


[Site "https://www.chess.com"]

[Event "Titled Tuesday Blitz July 18 Early 2023"]
[White "Cardenas Carbajal, Nilson"]
[Black "ivana_999"]
[WhiteFideId "8401128"]
[WhiteElo "2173"]
[BlackElo "1956"]
[Result "1-0"]
[Round "7"]
[TimeControl "180+2"]
[Date "2023.07.18"]
[WhiteClock "0:00:15"]
[BlackClock "0:00:11"]
[Board "179"]

1. e4 e6 2. Nf3 d5 3. e5 c5 4. b4 cxb4 5. d4 Nc6 6. a3 Nh6 7. axb4 Bxb4+ 8. c3 Be7 9. Bxh6 gxh6 10. Bd3 a6 11. O-O b5 12. Na3 Bd7 13. Nc2 Bg5 14. Nxg5 Qxg5 15. Bxb5 Nxe5 16. f4 Qg6 17. Bxd7+ Nxd7 18. f5 exf5 19. Ne3 Nf6 20. Nxf5 Rg8 21. Qf3 Qg4 22. Rae1+ Kd8 23. Qf2 Rg6 24. Nd6 Ne4 25. Rxe4 dxe4 26. Nxf7+ Kc7 27. Ne5 Rf8 28. Nxg4 Rxf2 29. Nxf2 e3 30. Ne4 Rc6 31. Nc5 Rxc5 32. dxc5 Kc6 33. Re1 Kxc5 34. Rxe3 Kc4 35. Rh3 a5 36. Kf2 a4 37. Rh4+ Kb3 38. Rb4+ Kxc3 39. Rxa4 Kd3 40. Ra6 Ke4 41. Rxh6 Kf4 42. Rxh7 Kg5 43. Kf3 Kg6 44. Rc7 Kf6 45. Kf4 Ke6 46. g4 Kf6 47. Ra7 Kg6 48. h4 Kf6 49. Ra6+ Kf7 50. Kf5 Kf8 51. Ra7 Kg8 52. Ke6 Kh8 53. Kf6 Kg8 54. Rb7 Kh8 55. Kg6 1-0


[Site "https://www.chess.com"]

[Event "Titled Tuesday Blitz July 18 Early 2023"]
[White "Mishra, Manoj"]
[Black "Castillo Pena, Patricia Evarista"]
[WhiteFideId "5006007"]
[BlackFideId "6412106"]
[WhiteElo "2171"]
[BlackElo "1844"]
[Result "1/2-1/2"]
[Round "7"]
[TimeControl "180+2"]
[Date "2023.07.18"]
[WhiteClock "0:00:37"]
[BlackClock "0:01:32"]
[Board "180"]

1. d4 d5 2. c4 c6 3. Nc3 Nf6 4. Bf4 e6 5. e3 Bd6 6. c5 Bxf4 7. exf4 b6 8. b4 a5 9. a3 Nbd7 10. Nf3 O-O 11. Bd3 Ba6 12. O-O Bxd3 13. Qxd3 Qc7 14. g3 Rfb8 15. Rfc1 bxc5 16. bxc5 Rb3 17. Nxd5 Rxd3 18. Nxc7 Rc8 19. Ne1 Rxd4 20. Na6 Ra8 21. Nf3 Rd3 22. Ne1 Rd4 23. Nf3 Rd3 24. Ne1 Rd4 1/2-1/2


[Site "https://www.chess.com"]

[Event "Titled Tuesday Blitz July 18 Early 2023"]
[White "Lohani, Sujana"]
[Black "Cardozo Munar, Carlos Eduardo"]
[WhiteFideId "12311987"]
[BlackFideId "4409477"]
[WhiteElo "1944"]
[BlackElo "2268"]
[Result "0-1"]
[Round "7"]
[TimeControl "180+2"]
[Date "2023.07.18"]
[WhiteClock "0:00:00"]
[BlackClock "0:00:45"]
[Board "181"]

1. d4 d5 2. Nf3 Bf5 3. c4 e6 4. Nc3 c6 5. Bf4 Nf6 6. e3 Bd6 7. Bxd6 Qxd6 8. Qb3 Nbd7 9. Be2 O-O 10. O-O b6 11. Rac1 dxc4 12. Bxc4 e5 13. dxe5 Nxe5 14. Nd4 Bg6 15. h3 Nxc4 16. Qxc4 Rac8 17. Rfd1 Rfd8 18. Nce2 c5 19. Nb5 Qxd1+ 20. Rxd1 Rxd1+ 21. Kh2 a6 22. Nbc3 b5 23. Qf4 Rd2 24. Ng3 Rxb2 25. Qd6 b4 26. Qxa6 Rd8 27. Nce2 h5 28. Nf4 Rdd2 29. Nxg6 fxg6 30. Qc8+ Kh7 31. Qxc5 Rxf2 32. Qc6 Rxa2 33. h4 b3 34. Kh3 Rxg2 0-1


[Site "https://www.chess.com"]

[Event "Titled Tuesday Blitz July 18 Early 2023"]
[White "Gyulamiryan-koryun"]
[Black "Stork, Oliver"]
[BlackFideId "12955728"]
[WhiteElo "1865"]
[BlackElo "2424"]
[Result "0-1"]
[Round "7"]
[TimeControl "180+2"]
[Date "2023.07.18"]
[WhiteClock "0:00:00"]
[BlackClock "0:01:15"]
[Board "182"]

1. d4 Nf6 2. Nf3 d5 3. g3 c6 4. Bg2 Bg4 5. Ne5 Bf5 6. O-O e6 7. c4 Nbd7 8. Nc3 Bd6 9. Bf4 Bxe5 10. dxe5 Nh5 11. cxd5 cxd5 12. e4 Nxf4 13. exf5 Nxg2 14. fxe6 fxe6 15. Qh5+ g6 16. Qh6 Nxe5 17. Kxg2 Qf6 18. Qe3 O-O 19. Rfe1 Ng4 20. Qxe6+ Qxe6 21. Rxe6 Rxf2+ 22. Kh3 h5 23. Rxg6+ Kh7 24. Rxg4 hxg4+ 25. Kxg4 Rxh2 26. Nxd5 Rxb2 27. Nf6+ Kg6 28. Ne4 Rc8 29. Kf4 Rb4 30. Rd1 Re8 31. Re1 Rf8+ 32. Ke5 Re8+ 33. Kf4 a5 34. g4 b5 35. Re3 a4 36. Kf3 Rb2 37. Ra3 Ra8 38. Nd6 b4 39. Re3 Rf8+ 40. Kg3 b3 41. axb3 Rxb3 42. Rxb3 axb3 43. Nc4 Rc8 44. Ne5+ Kf6 45. Nd3 Rc3 46. Kf3 Rxd3+ 0-1


[Site "https://www.chess.com"]

[Event "Titled Tuesday Blitz July 18 Early 2023"]
[White "Torres Hernandez, Leslie Carolin"]
[Black "Winkels, Marcel"]
[WhiteFideId "8400504"]
[BlackFideId "1003887"]
[WhiteElo "2263"]
[BlackElo "2086"]
[Result "1-0"]
[Round "7"]
[TimeControl "180+2"]
[Date "2023.07.18"]
[WhiteClock "0:00:07"]
[BlackClock "0:00:00"]
[Board "184"]

1. e4 c5 2. Nf3 e6 3. d4 cxd4 4. Nxd4 Nc6 5. c4 Bc5 6. Nb3 Bb4+ 7. Bd2 Nf6 8. Bxb4 Nxb4 9. Nc3 O-O 10. a3 Nc6 11. Bd3 d6 12. O-O b6 13. Re1 a6 14. Nd2 Bb7 15. Nf3 Ne5 16. Nxe5 dxe5 17. Qe2 Qc7 18. b4 Rfd8 19. Rac1 Rac8 20. f3 Rd4 21. Na4 Rcd8 22. Bb1 Rd2 23. Qe3 R8d4 24. Re2 Rd1+ 25. Re1 Rxc1 26. Rxc1 Bc6 27. b5 Be8 28. Nb2 axb5 29. cxb5 Qd8 30. a4 Nd7 31. Nd3 Nb8 32. Bc2 h6 33. h3 Qd6 34. Rf1 Nd7 35. f4 Nc5 36. Nxc5 Qxc5 37. fxe5 Qxe5 38. Bb1 Qc5 39. Kh1 Qc4 40. Qf4 Qc5 41. Qb8 Qe7 42. e5 Qd8 43. Qxd8 Rxd8 44. Rc1 g6 45. Rc7 Kg7 46. Be4 Rd4 47. Bc6 Rxa4 48. Bxe8 Ra1+ 49. Kh2 Rb1 50. Rxf7+ Kg8 51. Rb7 Rb3 52. Bc6 g5 53. Rxb6 h5 54. Rb7 h4 55. b6 Kf8 56. Rb8+ Ke7 57. b7 1-0


[Site "https://www.chess.com"]

[Event "Titled Tuesday Blitz July 18 Early 2023"]
[White "Quirke, Jeffrey"]
[Black "Saim, Mohamed Ilias"]
[WhiteFideId "2013029"]
[BlackFideId "7900465"]
[WhiteElo "2222"]
[BlackElo "1901"]
[Result "1-0"]
[Round "7"]
[TimeControl "180+2"]
[Date "2023.07.18"]
[WhiteClock "0:00:41"]
[BlackClock "0:00:55"]
[Board "185"]

1. c4 c5 2. g3 g6 3. Bg2 Bg7 4. Nc3 Nc6 5. h4 Nf6 6. Nf3 d5 7. cxd5 Nxd5 8. O-O O-O 9. d3 h6 10. Bd2 Re8 11. Rc1 b6 12. a3 Bb7 13. Rc2 e5 14. Qc1 Kh7 15. Nxd5 Qxd5 16. Ng5+ hxg5 17. Bxd5 gxh4 18. Bxc6 Bxc6 19. gxh4 Ba4 20. f3 Rad8 21. Be3 f5 22. Rd2 Bf6 23. Bg5 Kg7 24. Bxf6+ Kxf6 25. Kf2 1-0


[Site "https://www.chess.com"]

[Event "Titled Tuesday Blitz July 18 Early 2023"]
[White "Guevara Sanchez, Erick Marvin"]
[Black "Navyblue1"]
[WhiteFideId "6700136"]
[WhiteElo "2111"]
[BlackElo "1859"]
[Result "1-0"]
[Round "7"]
[TimeControl "180+2"]
[Date "2023.07.18"]
[WhiteClock "0:00:27"]
[BlackClock "0:00:00"]
[Board "186"]

1. e4 c5 2. d4 cxd4 3. f4 Nc6 4. Nf3 Qc7 5. Bd3 d6 6. a3 Nf6 7. O-O Bg4 8. Nbd2 e6 9. b4 a6 10. Qe1 Bxf3 11. Nxf3 Be7 12. Kh1 O-O 13. Bb2 e5 14. h3 exf4 15. Nxd4 Nxd4 16. Bxd4 Nd7 17. Rxf4 Ne5 18. Qg3 f6 19. Raf1 Rac8 20. Rf5 b5 21. Rh5 Rf7 22. Rhf5 Rb8 23. Qe3 Rff8 24. g4 Bd8 25. g5 Be7 26. gxf6 Bxf6 27. Rg1 Kh8 28. Rh5 Qf7 29. Rf5 Qe7 30. Rgf1 Rbc8 31. Qg3 Rce8 32. Qh2 Qe6 33. Qf2 Qe7 34. Qg3 1-0


[Site "https://www.chess.com"]

[Event "Titled Tuesday Blitz July 18 Early 2023"]
[White "Nakamura, Hikaru"]
[Black "Dubov, Daniil"]
[WhiteFideId "2016192"]
[BlackFideId "24126055"]
[WhiteElo "3261"]
[BlackElo "3118"]
[Result "1-0"]
[Round "8"]
[TimeControl "180+2"]
[Date "2023.07.18"]
[WhiteClock "0:00:14"]
[BlackClock "0:00:01"]
[Board "1"]

1. a3 e5 2. c4 g6 3. d3 Bg7 4. g3 c6 5. b3 d5 6. Bb2 Ne7 7. Nf3 Nd7 8. Bg2 O-O 9. Nfd2 f5 10. O-O e4 11. Bxg7 Kxg7 12. cxd5 cxd5 13. b4 Nc6 14. Nc3 Nf6 15. Rc1 h5 16. dxe4 fxe4 17. Nb3 h4 18. Qd2 Bf5 19. Nb5 h3 20. Bh1 Rc8 21. N5d4 Nxd4 22. Qxd4 b6 23. f3 exf3 24. Bxf3 Rc4 25. Rxc4 dxc4 26. Qxc4 Qe7 27. Qd4 Rd8 28. Qf4 Qd6 29. Rc1 Qxf4 30. gxf4 Be6 31. Rc7+ Kh6 32. Nc1 Bd5 33. Kf2 g5 34. fxg5+ Kxg5 35. Nd3 Bxf3 36. Kxf3 Rf8 37. Rg7+ Kh6 38. Rxa7 Kh5 39. Nf4+ Kh6 40. Nxh3 Nd5+ 41. Ke4 Nc3+ 42. Kd3 Nb5 43. Ra6 Re8 44. Rxb6+ 1-0


[Site "https://www.chess.com"]

[Event "Titled Tuesday Blitz July 18 Early 2023"]
[White "Firouzja, Alireza"]
[Black "He, Anthony"]
[WhiteFideId "12573981"]
[BlackFideId "2088215"]
[WhiteElo "3106"]
[BlackElo "2971"]
[Result "1-0"]
[Round "8"]
[TimeControl "180+2"]
[Date "2023.07.18"]
[WhiteClock "0:00:35"]
[BlackClock "0:00:45"]
[Board "2"]

1. d4 Nf6 2. Bg5 d5 3. e3 c5 4. Bxf6 gxf6 5. dxc5 e6 6. Nf3 Bxc5 7. Be2 Nc6 8. O-O Bd7 9. Nbd2 Qc7 10. a3 Be7 11. c4 dxc4 12. Nxc4 Rd8 13. Rc1 O-O 14. b4 a6 15. Qc2 Kh8 16. Qb2 Rg8 17. Nfd2 Be8 18. Ne4 Rg6 19. h3 Qb8 20. Bh5 Rh6 21. Bf3 Kg8 22. Rfd1 Rg6 23. Rxd8 Qxd8 24. Rd1 Qc7 25. Ncd6 Kf8 26. Bh5 Rh6 27. g4 Ne5 28. Nxe8 Kxe8 29. Kg2 f5 30. Rc1 Qb8 31. Ng3 fxg4 32. hxg4 Bf6 33. Qc2 Nc6 34. f4 Qd6 35. g5 Bxg5 36. fxg5 Qd5+ 37. Qe4 Qxg5 38. Rc5 Qg7 39. Qf4 e5 40. Qf5 Re6 41. Qxe6+ 1-0


[Site "https://www.chess.com"]

[Event "Titled Tuesday Blitz July 18 Early 2023"]
[White "Demidov, Mikhail"]
[Black "Sarana, Alexey"]
[WhiteFideId "4197143"]
[BlackFideId "24133795"]
[WhiteElo "2925"]
[BlackElo "3038"]
[Result "0-1"]
[Round "8"]
[TimeControl "180+2"]
[Date "2023.07.18"]
[WhiteClock "0:00:05"]
[BlackClock "0:00:33"]
[Board "3"]

1. Nf3 Nf6 2. d4 d5 3. c4 e6 4. e3 Bd6 5. b3 b6 6. Bb2 Bb7 7. Nbd2 Nbd7 8. Bd3 O-O 9. Qc2 c5 10. O-O Rc8 11. Rac1 cxd4 12. exd4 Re8 13. Rfe1 Nf8 14. Qd1 Ng6 15. Bf1 Ne4 16. g3 Qe7 17. Bg2 f5 18. cxd5 exd5 19. Qe2 Bb4 20. Qd3 Rxc1 21. Rxc1 Nxd2 22. Nxd2 Qe2 23. Qxe2 Rxe2 24. Rc7 Rxd2 25. Rxb7 Rxb2 26. Bxd5+ Kf8 27. Rf7+ Ke8 28. Rxg7 Ne7 29. Bf7+ Kf8 30. Rxh7 Be1 31. d5 Bxf2+ 32. Kf1 Bc5 33. Be6 Rd2 34. Rf7+ Ke8 35. Rh7 Nxd5 36. Rxa7 Ne3+ 37. Ke1 Bb4 38. Ra4 Bc3 39. Ra8+ Ke7 40. Rc8 Rc2+ 41. Rxc3 Rxc3 42. Kd2 Rc2+ 43. Kxe3 Kxe6 0-1


[Site "https://www.chess.com"]

[Event "Titled Tuesday Blitz July 18 Early 2023"]
[White "Antipov, Mikhail Al."]
[Black "Duda, Jan-Krzysztof"]
[WhiteFideId "4107012"]
[BlackFideId "1170546"]
[WhiteElo "2913"]
[BlackElo "3022"]
[Result "1-0"]
[Round "8"]
[TimeControl "180+2"]
[Date "2023.07.18"]
[WhiteClock "0:00:03"]
[BlackClock "0:00:00"]
[Board "4"]

1. e4 e6 2. d4 d5 3. Nd2 c5 4. Ngf3 cxd4 5. exd5 Qxd5 6. Bc4 Qd6 7. Ne4 Qb4+ 8. Nfd2 Be7 9. Qg4 g6 10. Qf4 Nd7 11. O-O Ngf6 12. c3 dxc3 13. bxc3 Qa5 14. Nd6+ Kf8 15. N2e4 Qe5 16. Qh6+ Kg8 17. Bf4 Qh5 18. Rad1 Qxh6 19. Bxh6 Bf8 20. Bg5 Nxe4 21. Nxe4 h6 22. Bd8 Bg7 23. Bb5 Kh7 24. Be7 f5 25. Bxd7 fxe4 26. Rfe1 Bxc3 27. Rxe4 Rg8 28. Rc4 Bb2 29. Rc7 Bxd7 30. Rdxd7 Rg7 31. h4 b5 32. Rb7 a6 33. g3 h5 34. Kg2 Re8 35. f4 Bc3 36. Kf3 b4 37. Ke4 a5 38. Bd6 1-0


[Site "https://www.chess.com"]